Map: Ever Dream LE

Players

BlyOnFire (Bly) - Winner!

  • Race: Zerg Zerg
  • League: Master
  • Spawn Location: 7:00

Neeblet (Neeb)

  • Race: Protoss Protoss
  • Spawn Location: 1:00

Event: StayAtHomestory Cup #2

VOD

Have the link to the VOD?

Description

Time

  • Played on: June 11, 2020, 4:16 p.m.
  • Length: 8:09

All games in this series

Show
View Real Time Build Order
Export as new Build Order

BlyOnFire Zerg - Winner!

Build Orders: Pool First 

Get SALT Encoding   

  12  0:14  Overlord  
  12  0:15  Drone  
  12  0:17  Drone  
  14  0:32  Drone  
  15  0:38  Spawning Pool  
  15  0:41  Drone  
  15  1:03  Hatchery  
  14  1:07  Drone  
  15  1:12  Drone  
  16  1:24  Extractor  
  16  1:25  Zergling x4  
  17  1:31  Queen  
  19  1:40  Overlord  
  19  1:42  Drone  
  21  1:54  Drone  
  22  2:03  Drone  
  23  2:10  Queen  
  23  2:15  Unknown  
  24  2:16  Queen  
  24  2:20  Drone x2  
  28  2:32  Drone x2  
  30  2:38  Overlord  
  30  2:42  Drone x3  
  33  2:51  Overlord  
  33  3:04  Metabolic Boost, Zergling x4  
  35  3:19  Zergling x4  
  36  3:21  Drone x4  
  36  3:23  Drone x4  
  44  3:40  Overlord  
  44  3:43  Extractor  
  43  3:49  Spore Crawler  
  43  3:50  Spore Crawler  
  43  3:52  Drone  
  43  3:53  Hatchery  
  43  3:54  Drone  
  42  3:56  Drone  
  42  3:58  Drone  
  44  4:07  Drone x4  
  48  4:15  Drone  
  49  4:19  Roach Warren  
  48  4:24  Queen  
  48  4:25  Overlord  
  50  4:34  Overlord  
  50  4:37  Queen, Spore Crawler  
  51  4:45  Overlord x2  
  52  4:57  Zergling x18  
  61  5:05  Roach x3  
  66  5:11  Roach x2  
  68  5:18  Roach x3  
  69  5:24  Roach  
  65  5:33  Zergling x8  
  65  5:43  Zergling x10  
  68  6:03  Zergling x16  
  74  6:09  Spore Crawler  
  74  6:11  Ravager x9  
  82  6:13  Overlord  
  82  6:23  Roach x2  
  86  6:30  Overlord x2  
  86  6:33  Roach x4  
  86  6:38  Overlord  
  90  6:57  Zergling x20  
  98  7:05  Overlord  
  97  7:10  Drone x2  
  97  7:15  Ravager x6  
  105  7:20  Zergling x6  
  108  7:36  Overlord  
  105  7:38  Roach x3  
  99  7:49  Zergling x2  
  99  7:50  Zergling x4  
Show
View Real Time Build Order
Export as new Build Order

Neeblet Protoss 

Build Orders: 1 Gate Expand, Oracle Opening, Phoenix Opening, Mass Adepts 

Get SALT Encoding   

  12  0:00  Probe  
  13  0:12  Probe  
  14  0:18  Pylon  
  14  0:24  Probe  
  15  0:32  Probe  
  15  0:38  Gateway  
  15  0:40  Probe  
  16  0:49  Assimilator  
  17  0:51  Probe  
  18  1:03  Probe  
  19  1:15  Probe  
  20  1:25  Cybernetics Core  
  20  1:35  Nexus  
  20  1:37  Probe  
  21  1:43  Pylon  
  21  1:50  Probe  
  21  1:52  Adept  
  22  1:54  Assimilator  
  22  2:00  Unknown  
  22  2:06  Probe  
  25  2:12  Adept  
  25  2:18  Probe  
  26  2:27  Gateway  
  28  2:30  Probe  
  28  2:33  Stargate  
  29  2:42  Probe  
  29  2:43  Probe  
  30  2:45  Warp Gate  
  30  2:48  Adept  
  33  2:51  Probe  
  33  2:54  Probe  
  35  3:02  Probe  
  36  3:06  Probe  
  36  3:07  Oracle  
  37  3:14  Probe  
  37  3:18  Probe  
  42  3:24  Pylon  
  42  3:26  Probe  
  43  3:27  Gateway  
  43  3:30  Probe  
  44  3:38  Probe, Phoenix  
  45  3:43  Probe  
  45  3:46  Assimilator  
  48  3:49  Assimilator  
  48  3:50  Probe  
  48  3:52  Pylon  
  48  3:55  Probe  
  50  3:56  Adept  
  50  3:59  Pylon  
  50  4:00  Oracle  
  50  4:02  Probe  
  53  4:07  Probe  
  54  4:14  Probe  
  58  4:17  Pylon  
  58  4:19  Probe  
  58  4:21  Robotics Facility  
  59  4:27  Probe  
  59  4:31  Probe  
  61  4:34  Adept x2  
  61  4:35  Adept  
  67  4:39  Probe  
  67  4:43  Probe  
  69  4:47  Pylon  
  69  4:51  Probe  
  70  4:55  Probe  
  70  4:56  Adept  
  70  4:57  Adept  
  70  4:58  Adept  
  76  5:03  Probe  
  76  5:04  Immortal  
  75  5:07  Probe  
  80  5:15  Probe  
  80  5:19  Probe  
  81  5:27  Probe  
  80  5:31  Probe  
  80  5:34  Robotics Bay  
  77  5:36  Forge  
  77  5:38  Pylon  
  77  5:39  Sentry x3, Probe, Twilight Council  
  84  5:43  Probe  
  84  5:47  Immortal  
  84  5:51  Probe  
  84  5:56  Probe  
  88  6:03  Probe  
  87  6:05  Nexus  
  87  6:08  Pylon  
  87  6:14  Sentry x2  
  87  6:15  Sentry  
  93  6:19  Probe  
  93  6:22  Observer  
  94  6:27  Shield Battery  
  94  6:30  Shield Battery  
  95  6:36  Immortal  
  95  6:39  Stalker x2  
  95  7:00  Pylon x3  
  95  7:01  Pylon  
  95  7:05  Pylon  
  95  7:08  Pylon, Shield Battery  
  95  7:10  Gateway  
  95  7:12  Gateway  
  95  7:14  Gateway  
  95  7:18  Immortal  
  99  7:27  Sentry  
  99  7:28  Sentry  
  99  7:29  Stalker  
  105  7:40  Pylon  
  105  7:41  Pylon  
  92  7:52  Stalker x2  
  92  7:53  Stalker  
  96  8:05  Stalker  
Tags
 
Add a new tag
Caveats
  • Supply blocks, unpowered buildings, or Contaminate may cause inaccurate times.
  • Supply counts are checked every 10 seconds.